 Dungeon Crawl Stone Soup version 0.29.1-1-gd02db6906a (webtiles) character file.

Game seed: 9388245232570771797

55 mortz the Sneak (level 4, -2/24 HPs)
             Began as a Kobold Earth Elementalist on Oct 22, 2022.
             Slain by Crazy Yiuf
             ... wielding a +3 quarterstaff of chaos
              (17 damage)
             ... on level 2 of the Dungeon.
             The game lasted 00:08:01 (1779 turns).

mortz the Sneak (Kobold Earth Elementalist)         Turns: 1779, Time: 00:08:02

Health: -2/24      AC:  3    Str:  5    XL:     4   Next: 14%
Magic:  7/8        EV: 15    Int: 18    God:
Gold:   78         SH:  0    Dex: 15    Spells: 5/8 levels left

rFire   . . .      SeeInvis .   a - +0 dagger
rCold   . . .      Faith    .   (no shield)
rNeg    . . .      Spirit   .   e - +1 robe
rPois   .          Reflect  .   (no helmet)
rElec   .          Harm     .   (no cloak)
rCorr   .          Rampage  .   (no gloves)
Will    .....                   (no boots)
Stlth   +++.......              (no amulet)
HPRegen 0.08/turn               (no ring)
MPRegen 0.11/turn               (no ring)

@: very slightly contaminated
A: small, no large weapons, nightstalker 3
a: no special abilities


You were on level 2 of the Dungeon.
You visited 1 branch of the dungeon, and saw 2 of its levels.

You collected 78 gold pieces.

Inventory:

Hand Weapons
 a - a +0 dagger (weapon)
 k - a +0 short sword
 l - a +0 dagger
 m - a +0 dagger
Armour
 c - a scarf of harm
 e - a +1 robe (worn)
 i - a +0 leather armour
Scrolls
 h - a scroll of butterflies
 o - a scroll of blinking {unknown}
Potions
 d - 3 potions of lignification {unknown}
 f - a potion of attraction {unknown}
 j - a potion of mutation {unknown}
 n - a potion of haste {unknown}


   Skills:
 + Level 0.3 Short Blades
 + Level 2.7 Dodging
 + Level 3.7 Stealth
 + Level 2.7 Spellcasting
 * Level 0.7 Conjurations
 + Level 1.0 Transmutations
 + Level 3.6 Earth Magic


You had 5 spell levels left.
You knew the following spells:

 Your Spells              Type           Power      Damage    Failure   Level
a - Sandblast             Erth           30%        2d9       3%          1
p - Passwall              Tmut/Erth      8%         N/A       10%         2

Your spell library contained the following spells:

 Spells                   Type           Power      Damage    Failure   Level
 Stone Arrow              Conj/Erth      20%        3d8       21%         3
 Ensorcelled Hibernation  Hex/Ice        4%         N/A       26%         2
 Spider Form              Tmut/Pois      4%         N/A       38%         3
 Petrify                  Tmut/Erth      10%        N/A       54%         4
 Anguish                  Hex/Necr       1%         N/A       86%         4


Dungeon Overview and Level Annotations

Branches:
Dungeon (2/15) Zot: 10200

Altars:
Nemelex Xobeh

Annotations:
D:2 Crazy Yiuf


Innate Abilities, Weirdness & Mutations

You are small and have problems with some larger weapons.
You are completely attuned to the shadows.


Message History

You feel your power leaking away.
You are too injured to fight recklessly!
Aiming: Sandblast (safe; 3% risk of failure)
Press: ? - help, Q - select action, (/) - cycle Shift-Dir - straight line, f/p - Crazy Yiuf
Aim: Crazy Yiuf, wielding a +3 quarterstaff of chaos and wearing a +2 cloak of willpower (almost dead, 84% to hit)
The blast of sand hits Crazy Yiuf but does no damage.
Crazy Yiuf is almost dead.
Crazy Yiuf hits you with a +3 quarterstaff of chaos.
* * * LOW HITPOINT WARNING * * *
You feel much better.
Crazy Yiuf hits you with a +3 quarterstaff of chaos!
Ouch! That really hurt!
You feel much better. Crazy Yiuf misses you.
Okay, then.
You miscast Sandblast.
You are very lightly contaminated with residual magic.
Nothing appears to happen.
Crazy Yiuf misses you.
The blast of sand hits Crazy Yiuf but does no damage.
Crazy Yiuf is almost dead.
Crazy Yiuf closely misses you. x2
Magic courses through your body.
Crazy Yiuf yells, "Goober broken action!"
Crazy Yiuf hits you with a +3 quarterstaff of chaos!
You are electrocuted!
* * * LOW HITPOINT WARNING * * *
You feel much better.
Crazy Yiuf says, "Papa sing leg!"
Crazy Yiuf barely misses you.
Aiming: Sandblast (safe; 3% risk of failure)
Press: ? - help, Q - select action, (/) - cycle Shift-Dir - straight line, f/p - Crazy Yiuf
Aim: Crazy Yiuf, wielding a +3 quarterstaff of chaos and wearing a +2 cloak of willpower (almost dead, 84% to hit)
The blast of sand hits Crazy Yiuf but does no damage.
Crazy Yiuf is almost dead.
Crazy Yiuf hits you with a +3 quarterstaff of chaos!
Crazy Yiuf freezes you.
You hit Crazy Yiuf but do no damage.
Crazy Yiuf is almost dead.
Crazy Yiuf hits you with a +3 quarterstaff of chaos!
Ouch! That really hurt!
You die...

#.....< #......
#...... ###.#.
#.#. ######.#.
## ♣♣##......#.
)..#♣♣
♣♣..#..#####.
...g@♣♣♣♣).....#
##
...#♣..♣.PP...##
## ♣♣♣.♣..)###
♣♣♣♣♣##


You could see Crazy Yiuf.

Vanquished Creatures
  An adder (D:2)
  3 ball pythons
  4 bats
  5 endoplasms
  3 giant cockroaches
  A goblin (D:1)
  5 hobgoblins
  5 quokkas
  3 frilled lizards
  2 kobolds
  10 rats
42 creatures vanquished.

Notes
Turn   | Place    | Note
-------+----------+-------------------------------------------
     0 | D:1      | mortz the Kobold Earth Elementalist began the quest for the
                  | Orb.
     0 | D:1      | Reached XP level 1. HP: 10/10 MP: 3/3
   186 | D:1      | Reached XP level 2. HP: 15/15 MP: 3/5
   230 | D:1      | Learned a level 2 spell: Passwall
   770 | D:1      | Reached XP level 3. HP: 15/19 MP: 1/6
  1227 | D:2      | Found a faded altar of an unknown god.
  1314 | D:2      | Found a sparkling altar of Nemelex Xobeh.
  1487 | D:2      | Reached XP level 4. HP: 24/24 MP: 6/8
  1762 | D:2      | Found a runed translucent door.
  1765 | D:2      | Noticed Crazy Yiuf
  1779 | D:2      | Slain by Crazy Yiuf

Illustrated notes

Levels and vault maps discovered:
D:1:      dpeg_arrival_long_road, layout_basic, hex_tiny
D:2:      layout_basic, basic_altar, basic_ecumenical_altar,
          nicolae_concentric_dashed_squares_mild, minmay_indecisive_spiral,
          uniq_crazy_yiuf_cottage

Skill      XL: |  1  2  3 |
---------------+----------+-----
Stealth        | 3 |  3.7
Short Blades   | |  0.3
Dodging        | |  2.7
Spellcasting   | |  2.7
Conjurations   | |  0.7
Transmutations | |  1.0
Earth Magic    | |  3.6

Action                   |  1- 3 |  4- 6 || total
-------------------------+-------+-------++-------
Melee: Dagger            |    18 |     1 ||    19
 Cast: Sandblast         |    25 |    14 ||    39
  Use: Scroll            |     4 |       ||     4
       Potion            |       |     4 ||     4
 Stab: Sleeping          |    17 |       ||    17
Armor: Robe              |     1 |       ||     1
Dodge: Dodged            |    12 |     5 ||    17
